 Dungeon Crawl Stone Soup version 0.30-a0-292-g0f741e3f8e (webtiles) character file.

Game seed: 16651989731079107020

137692 Flugkiller the Earth Mage (level 16, -38/128 HPs)
             Began as a Demigod Earth Elementalist on Oct 17, 2022.
             Killed from afar by a salamander tyrant (41 damage)
             ... on level 2 of the Snake Pit.
             The game lasted 00:39:01 (33505 turns).

Flugkiller the Earth Mage (DgEE)                   Turns: 33505, Time: 00:39:01

Health: -38/128    AC: 14    Str:  9    XL:     16   Next: 19%
Magic:  19/36      EV: 18    Int: 38    God:
Gold:   1710       SH:  0    Dex: 18    Spells: 15/38 levels left

rFire   . . .      SeeInvis .    P - staff of earth
rCold   . . .      Faith    .    (no shield)
rNeg    . . .      Spirit   .    T - +0 troll leather armour
rPois   .          Reflect  .    J - +0 helmet of Kuzo {Int+5}
rElec   .          Harm     .    L - +2 cloak {rCorr}
rCorr   +          Rampage  .    f - +2 pair of gloves
Will    +....                    m - +2 pair of boots
Stlth   ++........               C - amulet of the acrobat
HPRegen 1.21/turn                W - ring of wizardry
MPRegen 0.25/turn                j - +4 ring of slaying

@: weakened, hasted, very quick
A: high MP 1, forlorn, divine attributes
a: no special abilities


You were on level 2 of the Snake Pit.
You visited 5 branches of the dungeon, and saw 26 of its levels.
You also visited: Volcano.

You collected 2867 gold pieces.
You spent 1157 gold pieces at shops.

Inventory:

Hand Weapons
 D - a +2 demon trident of electrocution
   (You took it off Louise on level 1 of the Snake Pit)
Missiles
 O - 5 curare-tipped darts
Armour
 f - a +2 pair of gloves (worn)
   (You found it on level 3 of the Dungeon)
 m - a +2 pair of boots (worn)
   (You found it on level 2 of the Dungeon)
 p - the +3 leather armour of Ysorr {rElec Str+3}
   (You found it on level 2 of the Dungeon)

   Str:       It affects your strength (+3).
   rElec:     It insulates you from electricity.
 J - the +0 helmet of Kuzo (worn) {Int+5}
   (You acquired it on level 1 of the Orcish Mines)

   Int:       It affects your intelligence (+5).
 L - a +2 cloak of preservation (worn)
   (You took it off Crazy Yiuf on level 7 of the Dungeon)
 T - a +0 troll leather armour (worn)
   (You found it on level 11 of the Dungeon)
Magical Staves
 P - a staff of earth (weapon)
   (You found it on level 10 of the Dungeon)
Jewellery
 i - a ring of see invisible
   (You found it on level 11 of the Dungeon)
 j - a +4 ring of slaying (right hand)
   (You found it on level 2 of the Lair of Beasts)
 v - an amulet of reflection
   (You found it on level 3 of the Dungeon)
 C - an amulet of the acrobat (around neck)
   (You found it on level 5 of the Dungeon)
 W - a ring of wizardry (left hand)
   (You found it on level 4 of the Lair of Beasts)
Wands
 c - a wand of digging (8)
   (You found it on level 6 of the Dungeon)
 e - a wand of paralysis (7)
   (You found it on level 3 of the Dungeon)
 g - a wand of iceblast (16)
   (You found it on level 2 of the Dungeon)
 M - a wand of acid (7)
   (You found it on level 8 of the Dungeon)
 Q - a wand of mindburst (11)
   (You found it on level 3 of the Dungeon)
Scrolls
 o - 5 scrolls of torment
 s - 5 scrolls of enchant armour
 t - 5 scrolls of teleportation
 x - a scroll of immolation
 B - 4 scrolls of poison
 E - 3 scrolls of vulnerability
 K - 6 scrolls of magic mapping
 U - 4 scrolls of butterflies
Potions
 a - a potion of berserk rage {unknown}
 b - 2 potions of magic
 d - 4 potions of might
 h - 4 potions of haste
 k - 2 potions of brilliance
 l - 6 potions of flight
 n - 3 potions of resistance
 q - 7 potions of curing
 w - 2 potions of heal wounds
 F - 2 potions of ambrosia
 G - 3 potions of cancellation
 I - 4 potions of lignification
 N - 3 potions of attraction
 R - 2 potions of invisibility
 S - 6 potions of mutation
 V - a potion of experience {unknown}
Miscellaneous
 r - a phantom mirror
   (You found it on level 3 of the Snake Pit)
 u - a lightning rod (4/4)
   (You found it on level 8 of the Dungeon)


   Skills:
 - Level 8.0 Fighting
 - Level 11.0 Dodging
 - Level 1.7 Stealth
 + Level 11.5 Spellcasting
 + Level 11.2 Conjurations
 - Level 6.0 Transmutations
 + Level 16.7 Earth Magic
 - Level 8.0 Evocations


You had 15 spell levels left.
You knew the following spells:

 Your Spells              Type           Power      Damage    Failure   Level
a - Sandblast             Erth           100%       2d20      0%          1
b - Stone Arrow           Conj/Erth      100%       3d13      0%          3
c - Lee's Rapid Deconstr  Erth           61%        3d28*     1%          5
d - Statue Form           Tmut/Erth      69%        N/A       1%          6
e - Lehudib's Crystal Sp  Conj/Erth      56%        10d13     21%         8

Your spell library contained the following spells:

 Spells                   Type           Power      Damage    Failure   Level
 Beastly Appendage        Tmut           100%       N/A       1%          1
 Sting                    Tmut/Pois      100%       1d8       1%          1
 Blink                    Tloc           42%        N/A       1%          2
 Cigotuvi's Dreadful Rot  Necr/Pois/Air  42%        N/A       1%          2
 Ensorcelled Hibernation  Hex/Ice        42%        N/A       1%          2
 Passwall                 Tmut/Erth      86%        N/A       1%          2
 Wereblood                Tmut           61%        N/A       1%          2
 Ignite Poison            Fire/Tmut/Pois 37%        N/A       1%          3
 Spider Form              Tmut/Pois      44%        N/A       1%          3
 Iskenderun's Mystic Bla  Conj/Tloc      59%        2d12      1%          4
 Leda's Liquefaction      Hex/Erth       45%        N/A       1%          4
 Petrify                  Tmut/Erth      100%       N/A       1%          4
 Sticky Flame             Conj/Fire      59%        2d7       1%          4
 Lightning Bolt           Conj/Air       29%        1d46      2%          5
 Ozocubu's Armour         Ice            21%        N/A       3%          3
 Swiftness                Air            21%        N/A       3%          3
 Airstrike                Air            10%        2d(2-18)  10%         4
 Olgreb's Toxic Radiance  Pois           21%        N/A       10%         4
 Passage of Golubria      Tloc           21%        N/A       10%         4
 Summon Lightning Spire   Summ/Air       21%        N/A       10%         4
 Metabolic Englaciation   Hex/Ice        10%        N/A       26%         5
 Silence                  Hex/Air        10%        N/A       26%         5
 Summon Forest            Summ/Tloc      10%        N/A       26%         5
 Eringya's Noxious Bog    Tmut/Pois      22%        N/A       38%         6
 Simulacrum               Ice/Necr       10%        N/A       80%         6
 Haunt                    Necr/Summ      10%        N/A       100%        7
 Ozocubu's Refrigeration  Ice            10%        4d9       100%        7
 Summon Hydra             Summ           10%        N/A       100%        7
 Ignition                 Fire           10%        3d5       100%        8
 Dragon's Call            Summ           10%        N/A       100%        9


Dungeon Overview and Level Annotations

Branches:
Dungeon (15/15) Zot: 24908  Temple (0/1) D:5            Lair (5/5) D:8 Zot: 20986
  Swamp (1/4) Lair:2 Zot: 5542   Snake (3/4) Lair:3 Zot: 12710   Slime (0/5) Lair:4
    Orc (2/2) D:9 Zot: 10413     Elf (0/3) Orc:2        Vaults (0/5) D:14
 Depths (0/4) D:15        Volcano (visited)

Shops:
D:1 (   D:6 *   D:7 =   D:8 (   D:9 [   D:11 !   Orc:1 ?*   Orc:2 ([[*
Snake:3 [

Annotations:
D:9 exclusion: statue
Lair:1 2 transporters, gabibbone's ghost, journeyman TeHu
Orc:2 1 runed translucent door, Potemkin's ghost, journeyman FoFi


Innate Abilities, Weirdness & Mutations

You have an increased reservoir of magic. (+10% MP)
You shall have no god before yourself.
Your divine heritage dramatically boosts your attributes as you level up.


Message History

Confirm with . or Enter, or press ? or * to list all spells.
Aiming: Lee's Rapid Deconstruction (safe; 1% risk of failure)
Press: ? - help, Dir - move target A stone wall.
You feel a surge of power!
The wall shatters!
The blast of rock fragments hits the salamander mystic!!!
You kill the salamander mystic!
There is an open gate here.
You start resting.
Magic restored.
There is an open gate here.
A salamander mystic comes into view. It is wielding a +0 quarterstaff.
The salamander mystic moves out of view.
The salamander mystic gestures at something while chanting.
Things that are here:
a +0 shortbow of flaming; a salamander corpse
Casting: Lee's Rapid Deconstruction (safe; 1% risk of failure)
Confirm with . or Enter, or press ? or * to list all spells.
Aiming: Lee's Rapid Deconstruction (safe; 1% risk of failure)
Press: ? - help, Dir - move target A stone wall.
You feel a surge of power!
The wall shatters!
The blast of rock fragments hits the salamander mystic!!!
The salamander mystic is severely wounded.
Casting: Lee's Rapid Deconstruction (safe; 1% risk of failure)
Confirm with . or Enter, or press ? or * to list all spells.
Aiming: Lee's Rapid Deconstruction (safe; 1% risk of failure)
Press: ? - help, Dir - move target A stone wall.
You feel a surge of power!
The wall shatters!
The blast of rock fragments hits the salamander mystic!!
The salamander mystic is almost dead.
Casting: Lee's Rapid Deconstruction (safe; 1% risk of failure)
Confirm with . or Enter, or press ? or * to list all spells.
Aiming: Lee's Rapid Deconstruction (safe; 1% risk of failure)
Press: ? - help, Dir - move target A stone wall.
You feel a surge of power!
The wall shatters!
The blast of rock fragments hits the salamander mystic!!!
You kill the salamander mystic!
You start resting.
A salamander mystic comes into view. It is wielding a +0 quarterstaff.
A salamander mystic is nearby!
A salamander mystic is nearby!
Casting: Lee's Rapid Deconstruction (safe; 1% risk of failure)
Confirm with . or Enter, or press ? or * to list all spells.
Aiming: Lee's Rapid Deconstruction (safe; 1% risk of failure)
Press: ? - help, Dir - move target A stone wall.
You feel a surge of power!
The wall shatters!
The blast of rock fragments hits the salamander mystic!!
The salamander mystic is heavily wounded.
Casting: Lee's Rapid Deconstruction (safe; 1% risk of failure)
Confirm with . or Enter, or press ? or * to list all spells.
Aiming: Lee's Rapid Deconstruction (safe; 1% risk of failure)
Press: ? - help, Dir - move target A stone wall.
You feel a surge of power!
The wall shatters!
The blast of rock fragments hits the salamander mystic!!
The salamander mystic is almost dead.
Casting: Lee's Rapid Deconstruction (safe; 1% risk of failure)
Confirm with . or Enter, or press ? or * to list all spells.
Aiming: Lee's Rapid Deconstruction (safe; 1% risk of failure)
Press: ? - help, Dir - move target A stone wall.
You feel a surge of power!
The wall shatters!
The blast of rock fragments hits the salamander mystic!
You kill the salamander mystic!
You start resting.
A salamander mystic comes into view. It is wielding a +0 quarterstaff.
The salamander mystic moves out of view.
Things that are here:
a +2 spear; a salamander corpse You now have 1710 gold pieces (gained 16).
Items here: ) [[ |.
A salamander tyrant comes into view.
The salamander tyrant gazes fiercely through you!
You feel your attacks grow feeble.
A salamander tyrant comes into view.
Items here: $ )) [[ †.
There are monsters nearby!
The salamander tyrant calls gouts of flame from the lava!
The flame surge hits you!!
Items here: ) [[ |.
The salamander tyrant rends the earth beneath you!
The blast of magma engulfs you!!!
The salamander tyrant calls gouts of flame from the lava!
The flame surge hits you!!
* * * LOW HITPOINT WARNING * * *
Things that are here:
a +2 spear; a salamander corpse Why would you want to do that?
Okay, then.
You feel yourself speed up.
The salamander tyrant calls gouts of flame from the lava!
The flame surge hits you!!
* * * LOW HITPOINT WARNING * * *
The salamander tyrant rends the earth beneath you!
The blast of magma engulfs you!!!
You die...

......## #..§.§.. #>))..
.......##.......#≈
#.....
#####).#..#§#§.#≈#
###)).. #..'.#≈§§#§≈# ≈≈
#)### ## #..'.≈≈§≈≈.##
.≈≈ #)# .#
#..'.#≈≈≈#.≈## ..≈≈ #.#
.# ####..#≈#..#≈####
≈..≈###.# .#
##......≈#≈#≈#≈..≈≈##..#
.# ##§§..)≈@≈.N..N≈§
##..# .#
##≈#≈#≈#≈#≈#≈#§# #...#
.## ########### ##...#
).#### #....### #....#
#.#..... #....# #.#.####
#....# #...#
.....########### ###'##
......##.......# #..>.#


You could see 2 salamander tyrants.

Vanquished Creatures
  Nikola (Snake:1)
  Louise (Snake:1)
  A red draconian (Volcano)
  The ghost of Mamaiss the Frost Mage, a journeyman DrAE of Hepliaklqana (Lair:5)
  2 ettins
  4 vault guards (D:14)
  3 catoblepae
  5 hydras
  4 ogre magi
  8 anacondas
  2 boulder beetles
  An alligator (Swamp:1)
  2 centaur warriors
  6 death yaks
  A deep troll shaman (Lair:5)
  10 two-headed ogres
  6 naga sharpshooters
  6 naga warriors
  7 shock serpents
  5 tengu warriors
  Sonja (D:10)
  6 salamander mystics (Snake:2)
  A deep elf knight (D:14)
  A goliath frog (Swamp:1)
  A sea snake (Snake:1)
  Pikel (D:5)
  A naga ritualist (Snake:1)
  3 wizards
  A bog body (Swamp:1)
  3 deep trolls
  3 orc knights
  A deep elf archer (D:14)
  A lindwurm (Lair:2)
  A necromancer (D:15)
  14 ugly things
  2 mana vipers (Snake:1)
  4 deep elf pyromancers
  16 cyclopes
  A manticore (D:15)
  3 orc sorcerers (Orc:1)
  2 oklob plants (Lair:4)
  26 black mambas
  A guardian serpent (Snake:1)
  6 naga magi
  12 salamanders
  9 elephants
  3 molten gargoyles (Volcano)
  Joseph (D:7)
  2 torpor snails
  2 gargoyles (Volcano)
  7 cane toads
  8 komodo dragons
  3 rime drakes
  A demonic crawler (Lair:4)
  3 kobold demonologists
  2 efreet
  3 meliai (D:11)
  4 polar bears
  11 trolls
  19 blink frogs
  4 dream sheep (Lair:4)
  2 slime creatures (D:13)
  3 tyrant leeches (Swamp:1)
  Sigmund (D:2)
  2 shadows
  46 yaks
  A vampire (D:12)
  A spriggan (shapeshifter) (D:13)
  4 wyverns
  3 basilisks
  A hog (shapeshifter) (D:13)
  4 fire bats (D:10)
  Eustachio (D:4)
  Grum (D:9)
  13 vampire mosquitoes
  A steam dragon (D:7)
  Edmund (D:6)
  Menkaure (D:4)
  A harpy simulacrum (D:15)
  30 nagas
  4 swamp worms
  2 wargs (Orc:1)
  8 water moccasins
  2 acid dragons
  A hell hound (D:10)
  2 sky beasts (D:8)
  13 orc warriors
  23 ogres
  6 black bears
  4 boggarts (D:15)
  6 centaurs
  13 wolves
  4 lemures (D:5)
  3 phantoms
  13 bullfrogs
  4 kobold brigands
  Blork the orc (D:6)
  8 scorpions
  2 gnoll sergeants
  14 wights
  5 killer bees (D:10)
  An electric eel (D:15)
  2 howler monkeys (D:8)
  2 lava snakes (D:10)
  13 orc priests
  Crazy Yiuf (D:7)
  A gnoll bouda (D:10)
  4 hounds
  3 jellies
  Natasha (thrice) (D:2)
  16 orc wizards
  Robin (D:3)
  20 gnolls
  5 adders
  6 worms
  2 dart slugs
  59 orcs
  5 ball pythons
  4 bats
  3 endoplasms
  3 giant cockroaches
  17 goblins
  11 hobgoblins
  3 jackals (D:1)
  3 quokkas
  2 frilled lizards
  17 kobolds
  6 rats
  3 fire vortices (D:10)
741 creatures vanquished.

Vanquished Creatures (collateral kills)
  Rupert (Lair:5)
1 creature vanquished.

Vanquished Creatures (others)
  A mana viper (Snake:1)
  A bloated husk (Swamp:1)
  38 fungi
  53 plants
93 creatures vanquished.

Grand Total: 835 creatures vanquished

Notes
Turn   | Place    | Note
-------+----------+-------------------------------------------
     0 | D:1      | Flugkiller the Demigod Earth Elementalist began the quest
                  | for the Orb.
     0 | D:1      | Reached XP level 1. HP: 14/14 MP: 5/5
    93 | D:1      | Reached skill level 3 in Earth Magic
   173 | D:1      | Reached XP level 2. HP: 20/20 MP: 5/7
   433 | D:1      | Found Poutyl's Weapon Boutique.
  1067 | D:2      | Reached XP level 3. HP: 26/26 MP: 1/9
  1131 | D:2      | Noticed Natasha
  1138 | D:2      | Killed Natasha
  1261 | D:2      | Reached skill level 4 in Earth Magic
  1373 | D:2      | Noticed Natasha
  1381 | D:2      | Killed Natasha
  1382 | D:2      | Reached XP level 4. HP: 24/33 MP: 5/10
  1531 | D:2      | Noticed Natasha
  1534 | D:2      | Killed Natasha
  1641 | D:2      | Noticed Sigmund
  1649 | D:2      | Killed Sigmund
  1650 | D:2      | Reached skill level 5 in Earth Magic
  1650 | D:2      | Reached XP level 5. HP: 32/38 MP: 8/13
  1685 | D:2      | Identified the +3 leather armour of Ysorr {rElec Str+3}
  2193 | D:3      | Noticed Robin
  2202 | D:3      | Killed Robin
  2208 | D:3      | Reached XP level 6. HP: 28/45 MP: 1/14
  2338 | D:3      | Learned a level 3 spell: Stone Arrow
  2508 | D:4      | Noticed Menkaure
  2511 | D:4      | Killed Menkaure
  2512 | D:4      | Reached skill level 1 in Conjurations
  2512 | D:4      | Reached skill level 6 in Earth Magic
  2847 | D:4      | Reached XP level 7. HP: 50/50 MP: 12/16
  2907 | D:4      | You fall into a shaft and drop 1 floor!
  2907 | D:5      | Entered Level 5 of the Dungeon
  2919 | D:5      | Found a staircase to the Ecumenical Temple.
  3022 | D:5      | Reached skill level 7 in Earth Magic
  3201 | D:4      | Noticed Eustachio
  3204 | D:4      | Killed Eustachio
  3205 | D:4      | Reached XP level 8. HP: 57/57 MP: 15/18
  3742 | D:5      | Noticed Pikel
  3841 | D:5      | Killed Pikel
  3842 | D:5      | Reached skill level 5 in Spellcasting
  3842 | D:5      | Reached skill level 8 in Earth Magic
  3950 | D:5      | Reached XP level 9. HP: 27/62 MP: 10/21
  3952 | D:5      | Reached skill level 9 in Earth Magic
  4494 | D:6      | Noticed Edmund
  4510 | D:6      | Reached skill level 5 in Conjurations
  4517 | D:6      | Killed Edmund
  4695 | D:6      | Found Xiwnipir's Assorted Antiques.
  4703 | D:6      | Identified the +9 whip of Lushy {holy, rPois}
  4985 | D:6      | Noticed Blork the orc
  4989 | D:6      | Killed Blork the orc
  5003 | D:6      | Bought a scroll labelled YMUFOPH FUING for 19 gold pieces
  5003 | D:6      | Bought a scroll of identify for 38 gold pieces
  5163 | D:7      | Reached skill level 10 in Earth Magic
  5277 | D:7      | Found Kil Soan's Jewellery Emporium.
  5317 | D:7      | Noticed a kobold demonologist
  5331 | D:7      | Noticed an ice devil
  5332 | D:7      | Killed a kobold demonologist
  5467 | D:7      | Noticed Joseph
  5558 | D:7      | Killed Joseph
  5559 | D:7      | Reached XP level 10. HP: 51/69 MP: 18/24
  5610 | D:7      | Found a runed translucent door.
  5611 | D:7      | Noticed Crazy Yiuf
  5701 | D:7      | Got the Quarto of Pestilent Superposition
  5742 | D:7      | Reached skill level 1 in Fighting
  5823 | D:7      | Killed Crazy Yiuf
  6640 | D:8      | Found a staircase to the Lair.
  6696 | D:8      | Found Ogiup's Weapon Shop.
  6798 | D:8      | Noticed an angel
  6799 | D:8      | Noticed a blizzard demon
  6981 | D:9      | Noticed Grum
  6989 | D:8      | Reached skill level 1 in Evocations
  7197 | D:9      | Killed Grum
  7199 | D:9      | Reached skill level 5 in Fighting
  7265 | D:9      | Found Alumn's Armour Boutique.
  7975 | D:9      | Found a staircase to the Orcish Mines.
  7979 | D:9      | Found Ovolui Catue's Armour Emporium.
  7986 | D:9      | Reached skill level 5 in Dodging
  8067 | D:10     | Entered Level 10 of the Dungeon
  8350 | D:10     | Reached XP level 11. HP: 63/86 MP: 3/25
  8605 | D:10     | Got Jowips's Essays on Friendly Contamination
  8831 | D:10     | Noticed Sonja
  8836 | D:10     | Killed Sonja
  8837 | D:10     | Reached skill level 5 in Evocations
  9443 | D:11     | Found Quhasaw's Distillery.
  9481 | D:11     | Bought a potion of invisibility for 104 gold pieces
  9481 | D:11     | Bought a potion of mutation for 104 gold pieces
  9531 | D:11     | Noticed a two-headed ogre
  9534 | D:11     | Killed a two-headed ogre
  9549 | D:11     | Noticed a two-headed ogre
  9554 | D:11     | Killed a two-headed ogre
 10678 | Lair:1   | Entered Level 1 of the Lair of Beasts
 10922 | Lair:1   | Found a transporter.
 10922 | Lair:1   | Found a transporter.
 10940 | Lair:1   | Noticed gabibbone's ghost (journeyman TeHu)
 11029 | Lair:1   | Reached XP level 12. HP: 54/94 MP: 1/28
 11752 | Lair:2   | You fall into a shaft and drop 1 floor!
 11758 | Lair:2   | Noticed a catoblepas
 11763 | Lair:2   | Killed a catoblepas
 12038 | Lair:2   | Found a staircase to the Swamp.
 12487 | Lair:2   | Noticed a five-headed hydra
 12493 | Lair:2   | Killed a five-headed hydra
 14503 | Lair:3   | Found a staircase to the Snake Pit.
 14528 | Lair:3   | Reached skill level 10 in Dodging
 15373 | Lair:4   | Reached XP level 13. HP: 107/107 MP: 20/29
 15412 | Lair:4   | Found a dark tunnel.
 15422 | Volcano  | Entered a volcano
 15992 | Volcano  | Noticed a red draconian
 16043 | Volcano  | Killed a red draconian
 16210 | Volcano  | Noticed an orb of fire
 16441 | Volcano  | Noticed an orb of fire
 17109 | Lair:4   | Learned a level 5 spell: Lee's Rapid Deconstruction
 17116 | Lair:4   | Learned a level 6 spell: Statue Form
 17136 | Lair:4   | Reached skill level 1 in Transmutations
 17660 | Lair:4   | Found a staircase to the Slime Pits.
 17909 | Lair:5   | Entered Level 5 of the Lair of Beasts
 18135 | Lair:5   | Reached skill level 11 in Earth Magic
 19531 | Lair:5   | Found a runed translucent door.
 19559 | Lair:5   | Noticed Rupert
 19607 | Lair:5   | Paralysed by Rupert for 3 turns
 19630 | Lair:5   | Killed Rupert
 19780 | Lair:5   | Noticed Mamaiss's ghost (journeyman DrAE)
 19991 | Lair:5   | Killed Mamaiss's ghost
 20171 | Lair:5   | Reached skill level 5 in Transmutations
 20456 | Lair:5   | Reached skill level 12 in Earth Magic
 20456 | Lair:5   | Reached XP level 14. HP: 115/115 MP: 12/31
 20631 | Lair:5   | Identified the +1 plate armour of Purpose {Fly rCorr}
 21145 | D:12     | Got the Incunabulum of Baneful Guile
 22450 | D:14     | Reached skill level 13 in Earth Magic
 23308 | D:14     | Reached skill level 14 in Earth Magic
 23699 | D:14     | Paralysed by an ogre mage for 5 turns
 23707 | D:14     | Paralysed by something for 2 turns
 23862 | D:14     | Found a gate to the Vaults.
 24060 | D:15     | Entered Level 15 of the Dungeon
 24368 | D:15     | Reached skill level 15 in Earth Magic
 24754 | D:15     | Found a staircase to the Depths.
 25193 | D:15     | Identified the +2 dagger "Giwkeh" {elec, rC+}
 25972 | Orc:1    | Entered Level 1 of the Orcish Mines
 26191 | Orc:1    | Found Qaxuqapt's Overcharged Wands.
 26332 | Orc:1    | Found Bihag's Magic Scroll Shop.
 26370 | Orc:2    | Entered Level 2 of the Orcish Mines
 26370 | Orc:2    | Found a runed translucent door.
 26477 | Orc:2    | Found Amal's Armour Boutique.
 26483 | Orc:2    | Reached XP level 15. HP: 121/121 MP: 25/33
 27275 | Orc:2    | Found a staircase to the Elven Halls.
 27388 | Orc:2    | Found Qorurroz's General Store.
 27391 | Orc:2    | Found Qaociel's Antique Armour Emporium.
 27402 | Orc:2    | Paralysed by an ogre mage for 5 turns
 27506 | Orc:2    | Found Vuzuod's Weapon Shop.
 27605 | Orc:2    | Noticed Potemkin's ghost (journeyman FoFi)
 27636 | Orc:1    | Bought a scroll of blinking for 112 gold pieces
 27636 | Orc:1    | Bought a scroll of acquirement for 780 gold pieces
 27636 | Orc:1    | Acquired the +0 helmet of Kuzo {Int+5}
 27652 | Orc:1    | Learned a level 8 spell: Lehudib's Crystal Spear
 27766 | Swamp:1  | Entered Level 1 of the Swamp
 27902 | Swamp:1  | Reached skill level 10 in Spellcasting
 28258 | Snake:1  | Entered Level 1 of the Snake Pit
 28258 | Snake:1  | Noticed Louise
 28274 | Snake:1  | Killed Louise
 29440 | Snake:1  | Noticed Nikola
 29448 | Snake:1  | Killed Nikola
 29449 | Snake:1  | Reached skill level 10 in Conjurations
 29734 | Snake:1  | Reached skill level 16 in Earth Magic
 30073 | Snake:1  | Found a runed translucent gate.
 30073 | Snake:1  | Found a runed translucent gate.
 30073 | Snake:1  | Found a runed translucent gate.
 32164 | Snake:2  | Reached XP level 16. HP: 128/128 MP: 13/36
 32585 | Snake:2  | You fall into a shaft and drop 1 floor!
 32585 | Snake:3  | Found Kifuclec's Antique Armour Emporium.
 33084 | Snake:2  | Paralysed by a naga mage for 3 turns
 33505 | Snake:2  | HP: 3/128 [salamander tyrant/flame surge (27)]
 33505 | Snake:2  | Killed from afar by a salamander tyrant

Illustrated notes

Levels and vault maps discovered:
D:1:      erik_arrival_blinker_ship, layout_basic, serial_shops,
          nicolae_shop_crystal, minmay_curled_crystal
D:2:      layout_loops_ring, basic_altar, uniq_sigmund, uniq_natasha
D:3:      layout_rooms, old_standard_altar, mainiacjoe_overflow_alcove_4,
          gammafunk_temple_overflow_elements, uniq_robin
D:4:      layout_basic, amcnicky_altar_gilded, grunt_temple_overflow_open,
          minmay_starry_boxes, uniq_menkaure, uniq_eustachio
D:5:      layout_basic, fedhas_altar_fruit_tree, minmay_temple_entry_mini_moons,
          uniq_pikel
D:6:      layout_basic, nicolae_qazlal_scattered_showers, serial_shops,
          nicolae_diamond_shop, uniq_blork_the_orc, uniq_edmund
D:7:      kennysheep_big_flooded_room, layout_basic,
          nicolae_ru_great_annihilating_truth, serial_shops, shop,
          uniq_crazy_yiuf_cottage, uniq_joseph
D:8:      layout_basic, grunt_temple_overflow_order_and_chaos_2,
          nicolae_wu_jian_wuxing_cycle, grunt_lair_entry_orc_guard_hut,
          serial_shops, nicolae_shop_bloodbath_and_beyond, minmay_checkerbox
D:9:      layout_gridville, nicolae_uskayaw_murder_on_the_dancefloor,
          vehumet_statue, orc_0_dummy, serial_shops, nicolae_shop_crystal, shop,
          minivault_22, uniq_grum
D:10:     layout_small_grid, hangedman_incinerator, uniq_sonja
D:11:     layout_basic, serial_shops, shop_coins, grunt_decor_junction
D:12:     layout_gridville, hangedman_decor_peaks_small
D:13:     layout_roguey
D:14:     layout_irregular_city, grunt_vaults_entry_fortified,
          chequers_arboretum
D:15:     hangedman_depths_entry_civil_slaughter, layout_basic,
          minmay_misc_feat_secret_circle
Lair:1:   layout_cave_pods, gammafunk_ghost_hive, grunt_megastairs_2
Lair:2:   layout_small_grid, swamp_mist, guppyfry_lair_drakes
Lair:3:   layout_loops_ring, minmay_snake_entry_guardpost_small
Lair:4:   layout_loops_ring, minmay_slime_entry_oklob_enclosed,
          nicolae_volcano_entry_lava_flow, worms_lemuel
Lair:5:   grunt_lair_end_beastmaster, layout_regular_city,
          hellmonk_ghost_happy_afterlife, uniq_rupert
Swamp:1:  nicolae_swamp_ascending_descending_big, layout_basic_swamp,
          ebering_ghost_inner_flame, evilmike_swamp_ruin_rubble_2
Snake:1:  layout_concentric_octagons, basic_altar, nicolae_snake_horde_hoard,
          uniq_louise, uniq_nikola
Snake:2:  cheibrodos_snake_lava_hold, layout_basic, st_stairs_8,
          nicolae_snake_gridmaze_spiral, drop_trap, serial_bayou_pond_a,
          uniq_vashnia
Snake:3:  layout_gridlike, basic_altar, serial_shops, shop
Orc:1:    layout_diamond_mine, serial_shops, nicolae_shop_behind_doors,
          nicolae_shop_overcharged_wands
Orc:2:    st_orc_open, layout_caves, ebering_ghost_reflecting_pool, basic_altar

Skill      XL: |  1  2  3  4  5  6  7  8  9 10 11 12 13 14 15 16 |
---------------+-------------------------------------------------+-----
Earth Magic    | 3 4 5 6 7 8 10 12 15 16 | 16.7
Spellcasting   | 2 3 4 5 6 8 9 11 | 11.5
Conjurations   | 1 3 4 5 8 10 11 | 11.2
Fighting       | 5 8 |  8.0
Dodging        | 5 6 10 11 | 11.0
Evocations     | 3 6 8 |  8.0
Transmutations | 5 6 |  6.0
Stealth        | |  1.7

Action                   |  1- 3 |  4- 6 |  7- 9 | 10-12 | 13-15 | 16-18 || total
-------------------------+-------+-------+-------+-------+-------+-------++-------
Melee: Dagger            |    24 |     4 |    18 |       |       |       ||    46
       Punch             |     1 |       |       |     2 |       |       ||     3
       Whip              |       |       |     1 |    74 |    22 |       ||    97
       Staff             |       |       |       |       |    82 |       ||    82
 Cast: Sandblast         |    56 |    65 |   158 |   219 |    69 |     1 ||   568
       Stone Arrow       |       |       |     3 |   287 |   436 |    15 ||   741
       Lee's Rapid Decon |       |       |       |       |   241 |    40 ||   281
       Statue Form       |       |       |       |       |     2 |       ||     2
Evoke: Wand              |       |       |       |     5 |    24 |     1 ||    30
  Use: Potion            |       |       |     1 |     5 |     7 |     1 ||    14
       Scroll            |       |       |     9 |    16 |    15 |       ||    40
 Stab: Sleeping          |     1 |       |       |       |       |       ||     1
       Paralysed         |       |       |       |    11 |     5 |       ||    16
Armor: Robe              |     5 |    13 |       |       |       |       ||    18
       Leather armour    |       |    18 |    46 |   113 |     1 |       ||   178
       Troll leather arm |       |       |       |    79 |   148 |     4 ||   231
       Skin              |       |       |       |       |     4 |       ||     4
Dodge: Dodged            |    43 |    24 |    76 |   372 |   630 |    14 ||  1159

Table legend: (Time is in decaauts)
 A = Elapsed time spent in this place.
 B = Non-inter-level travel time spent in this place.
 C = Inter-level travel time spent in this place.
 D = Time resting spent in this place.
 E = Time spent auto-exploring this place.
 F = Levels seen in this place.
 G = Mean time per level.
                   A        B        C        D        E       F      G
               +--------+--------+--------+--------+--------+-----+--------+
         Total |  33897 |  32578 |   1319 |  13430 |  13688 |  27 | 1255.4 |
       Dungeon |  16316 |  15508 |    808 |   4680 |   8162 |  15 | 1087.7 |
          Lair |   9013 |   8644 |    369 |   3760 |   3446 |   5 | 1802.6 |
         Swamp |    457 |    438 |     19 |    326 |     47 |   1 |  457.0 |
     Snake Pit |   5288 |   5242 |     46 |   3332 |   1149 |   3 | 1762.7 |
  Orcish Mines |   1587 |   1511 |     76 |    587 |    611 |   2 |  793.5 |
       Volcano |   1234 |   1234 |      0 |    744 |    271 |   1 | 1234.0 |
               +--------+--------+--------+--------+--------+-----+--------+

Top non-repeatable levels by time:
 Snake:1: 2885 daAuts
  Lair:5: 2641 daAuts
 Snake:2: 2173 daAuts
  Lair:2: 1932 daAuts
  Lair:3: 1810 daAuts
    D:14: 1651 daAuts
    D:15: 1638 daAuts
    D:11: 1561 daAuts
  Lair:4: 1513 daAuts
     D:8: 1358 daAuts
 Volcano: 1234 daAuts
     D:9: 1196 daAuts
    D:10: 1161 daAuts
  Lair:1: 1114 daAuts
    D:13: 1079 daAuts
